 Dungeon Crawl Stone Soup version 0.18-a0-1539-g1c7284a (webtiles) character file.

179 Kidiri the Magician (level 5, 0/29 HPs)
             Began as a Deep Elf Fire Elementalist on Mar 9, 2016.
             Succumbed to a scorpion's poison
             ... on level 4 of the Dungeon.
             The game lasted 00:11:22 (3665 turns).

Kidiri the Magician (Deep Elf Fire Elementalist)    Turns: 3665, Time: 00:11:22

Health: 0/29       AC:  4    Str:  5    XL:     5   Next: 32%
Magic:  6/13       EV: 13    Int: 21    God:
Gold:   164        SH:  0    Dex: 15    Spells: 4 memorised, 3 levels left

rFire  . . .     SeeInvis .     m - +2 dagger
rCold  . . .     Gourm    .     a - +2 robe
rNeg   . . .     Faith    .     (no shield)
rPois  .         Spirit   .     (no helmet)
rElec  .         Dismiss  .     (no cloak)
rCorr  .         Reflect  .     (no gloves)
SustAt +         Harm     .     (no boots)
MR     .....                    e - amulet of regeneration
Stlth  ++........               t - ring of flight
                                k - ring of sustain attributes

@: lethally poisoned (0 -> 0), not resistant to hostile enchantments, unstealthy
A: no striking features
a: Evoke Flight


You were on level 4 of the Dungeon.
You were not hungry.

You visited 1 branch of the dungeon, and saw 4 of its levels.

You collected 164 gold pieces.

Inventory:

Hand Weapons
 m - a +2 dagger (weapon)
Armour
 a - a +2 robe (worn)
Jewellery
 e - an amulet of regeneration (around neck)
 k - a ring of sustain attributes (left hand)
 t - a ring of flight (right hand)
Wands
 v - a wand of paralysis (11/24)
Scrolls
 g - a scroll of remove curse
Potions
 d - a potion of agility
Books
 b - a book of Flames

   Spells                             Type                      Level
   a - Flame Tongue                   Conjuration/Fire             1
   b - Throw Flame                    Conjuration/Fire             2
   c - Conjure Flame                  Conjuration/Fire             3
   d - Inner Flame                    Hexes/Fire                   3
   e - Sticky Flame                   Conjuration/Fire             4
   f - Fireball                       Conjuration/Fire             5
Comestibles
 c - 3 bread rations
 f - a chunk of flesh
 q - 2 meat rations
 w - a beef jerky


   Skills:
 + Level 1.2 Fighting
 + Level 2.8 Dodging
 + Level 3.4 Stealth
 * Level 4.4 Spellcasting
 + Level 2.5 Conjurations
 + Level 1.5 Hexes
 + Level 3.7 Fire Magic
 + Level 0.9 Evocations


You had 3 spell levels left.
You knew the following spells:

 Your Spells              Type           Power        Failure   Level  Hunger
a - Flame Tongue          Conj/Fire      ###..        3%          1    None
b - Throw Flame           Conj/Fire      ###...       6%          2    #......
c - Conjure Flame         Conj/Fire      ###.....     12%         3    ##.....
d - Inner Flame           Hex/Fire       ###.....     14%         3    ##.....


Dungeon Overview and Level Annotations

Branches:
Dungeon (4/15)
 Temple: D:4-7

Altars:
Ashenzari
Nemelex Xobeh
Trog

Shops:
D:4 %


Message History

* * * LOW HITPOINT WARNING * * *
You feel sick.
* * * LOW HITPOINT WARNING * * *
You feel sick.
* * * LOW HITPOINT WARNING * * *
You feel sick.
* * * LOW HITPOINT WARNING * * *
You feel sick.
* * * LOW HITPOINT WARNING * * *
You feel sick.
* * * LOW HITPOINT WARNING * * *
You feel sick.
* * * LOW HITPOINT WARNING * * *
You feel sick.
* * * LOW HITPOINT WARNING * * *
You feel sick.
An adder comes into view.
* * * LOW HITPOINT WARNING * * *
You feel sick.
You die...

. #...#.....##
##..# ###...
#...###....# #..#
###..##
.#.+#..⌠#...## ...#
+∩#..#
..........#....#
#.### ###.##
.#.......#..##.#
#.# ####
.........#.÷.#.##.#
..+..._...+...#.#.#
..#.......#...#..#
#.......##%##@.#
.........#....##
.##+##. #.....#
#.#......S.#
...#.>....###
#..###.....## #..
.......# ..
....###..# ...##
#..#


There were no monsters in sight!

Vanquished Creatures
  A scorpion (D:4)
  5 adders
  A gnoll (D:2)
  An ooze (D:2)
  2 worms (D:2)
  A dart slug (D:2)
  2 giant geckos
  2 orcs
  13 bats
  3 giant cockroaches
  4 goblins
  3 hobgoblins (D:2)
  5 jackals
  A quokka (D:2)
  A ball python (D:3)
  A giant newt (D:4)
  6 kobolds
  11 rats
63 creatures vanquished.

Notes
Turn   | Place    | Note
--------------------------------------------------------------
     0 | D:1      | Kidiri the Deep Elf Fire Elementalist began the quest for the Orb.
     0 | D:1      | Reached XP level 1. HP: 10/10 MP: 6/6
   379 | D:1      | Reached XP level 2. HP: 15/15 MP: 4/8
   410 | D:1      | Learned a level 2 spell: Throw Flame
  1592 | D:2      | Reached XP level 3. HP: 17/20 MP: 1/10
  1597 | D:2      | Learned a level 3 spell: Conjure Flame
  1601 | D:2      | Learned a level 3 spell: Inner Flame
  2069 | D:2      | Found a bloodstained altar of Trog.
  2121 | D:2      | Reached skill level 1 in Fighting
  2314 | D:2      | Reached skill level 4 in Spellcasting
  2314 | D:2      | Reached XP level 4. HP: 25/25 MP: 8/12
  2757 | D:3      | Reached skill level 1 in Hexes
  3088 | D:3      | Found a sparkling altar of Nemelex Xobeh.
  3568 | D:4      | Found Tinn's Food Emporium.
  3622 | D:4      | Found a shattered altar of Ashenzari.
  3645 | D:4      | Reached XP level 5. HP: 17/29 MP: 4/13
  3661 | D:4      | HP: 1/29 [poisoned by a scorpion]
  3665 | D:4      | Succumbed to a scorpion's poison

Vault maps used:
D:1:      enne_arrival_octagon_isle
D:2:      trog_butcher_becter
D:3:      first_bread, nemelex_lonely_heart_becter
D:4:      serial_shops, nicolae_shop_window_shopping, evilmike_ruin_ashenzari

Skill      XL: |  1  2  3  4 |
---------------+-------------+-----
Stealth        | 3 |  3.4
Conjurations   | 2 |  2.5
Fighting       | 1 |  1.2
Spellcasting   | 4 |  4.4
Hexes          | 1 |  1.5
Dodging        | |  2.8
Fire Magic     | |  3.7
Evocations     | |  0.9

Action                   |  1- 3 |  4- 6 || total
-------------------------+-------+-------++-------
Melee: Unarmed           |     2 |       ||     2
       Dagger            |     8 |     3 ||    11
 Cast: Flame Tongue      |    43 |    35 ||    78
       Throw Flame       |    17 |    16 ||    33
       Conjure Flame     |       |     1 ||     1
  Use: Scroll            |     2 |    11 ||    13
       Potion            |       |     4 ||     4
 Stab: Sleeping          |     1 |     2 ||     3
  Eat: Chunk             |     5 |     4 ||     9
